 Dungeon Crawl Stone Soup version 0.17-a0-1678-g710b578 (webtiles) character file.

6157 Bubnilka the Blocker (level 10, 0/94 HPs)
             Began as a Gargoyle Fighter on Aug 19, 2015.
             Was an Elder of Okawaru.
             Slain by a 20-headed hydra (5 damage)
             ... on level 1 of the Lair of Beasts.
             The game lasted 01:09:00 (10159 turns).

Bubnilka the Blocker (Gargoyle Fighter)            Turns: 10159, Time: 01:09:00

Health: 0/94       AC: 25    Str: 22    XL:     10   Next: 90%
Magic:  10/10      EV:  2    Int: 10    God:    Okawaru [****..]
Gold:   429        SH: 14    Dex: 13    Spells: 0 memorised, 9 levels left

rFire  + . .     SeeInvis .     u - +1 falchion "Mit Hawa" {freeze, rF+ Dex+4}
rCold  . . .     Clarity  .     (armour currently unavailable)
rNeg   + + +     SustAt   .     c - +0 shield
rPois  ∞         Gourm    .     (helmet currently unavailable)
rElec  .         Spirit   .     (cloak currently unavailable)
rCorr  +         Warding  .     (gloves currently unavailable)
rMut   .         NoTele   +     (boots currently unavailable)
MR     .....                    b - amulet of resist corrosion
Stlth  +++++.....               (no ring)
                                (no ring)

@: tree-form, heroism, not resistant to hostile enchantments, quite stealthy
A: negative energy resistance 1, (electricity resistance), (unbreathing),
petrification resistance, rot immunity, AC +7
a: Heroism, Renounce Religion


You were on level 1 of the Lair of Beasts.
You worshipped Okawaru.
Okawaru was greatly pleased with you.
You were not hungry.
You were a tree.
You visited 3 branches of the dungeon, and saw 10 of its levels.
You also visited: Sewer.

You collected 429 gold pieces.

Inventory:

Hand weapons
 u - the +1 falchion "Mit Hawa" (weapon) {freeze, rF+ Dex+4}
   (You found it on level 1 of the Lair of Beasts)

   It has been specially enchanted to freeze those struck by it, causing extra
   injury to most foes and up to half again as much damage against particularly
   susceptible opponents.
   It can also slow down cold-blooded creatures.
   It affects your dexterity (+4).
   It protects you from fire.
 w - a +3 whip of freezing
Armour
 c - a +0 shield (worn)
 i - a +2 cloak (melded)
 l - a +0 plate armour (melded)
 s - a +0 helmet
 B - a +2 hat (melded)
 E - a cursed +0 large shield
Jewellery
 b - an amulet of resist corrosion (around neck)
 d - an uncursed ring of magical power
 h - an uncursed ring of magical power
 F - an uncursed amulet of resist mutation {unknown}
Magical devices
 f - a wand of magic darts (24)
 q - a wand of random effects (22)
 r - a wand of heal wounds (0)
Scrolls
 j - a scroll of recharging
 o - 2 scrolls of amnesia
 t - 4 scrolls of remove curse
 y - 2 scrolls of fear
 A - 2 scrolls of teleportation
Potions
 p - 7 potions of curing
 v - 2 potions of haste
 C - 2 potions of brilliance
Books
 g - a book of Death

   Spells                             Type                      Level
   a - Corpse Rot                     Necromancy                   2
   b - Sublimation of Blood           Necromancy                   2
   c - Agony                          Necromancy                   5
   d - Dispel Undead                  Necromancy                   5
   e - Excruciating Wounds            Charms/Necromancy            5
   f - Bolt of Draining               Conjuration/Necromancy       5
 n - a book of Beasts

   Spells                             Type                      Level
   a - Summon Butterflies             Summoning                    1
   b - Call Canine Familiar           Summoning                    3
   c - Summon Ice Beast               Ice/Summoning                4
   d - Summon Mana Viper              Hexes/Summoning              5
   e - Summon Hydra                   Summoning                    7
Miscellaneous
 x - a plain deck of wonders
Comestibles
 a - 13 fruits
 e - 6 bread rations
 z - a royal jelly


   Skills:
 + Level 7.6(12.6) Fighting
 * Level 1.7(6.7) Long Blades
 - Level 7.6(12.6) Maces & Flails
 + Level 8.6(13.6) Armour
 + Level 3.5(8.5) Dodging
 + Level 1.7(6.7) Stealth
 + Level 10.5(15.5) Shields
 + Level 0.7 Invocations
 + Level 1.0 Evocations


You had 9 spell levels left.
You didn't know any spells.

Dungeon Overview and Level Annotations

Branches:
Dungeon (8/15)             Temple (1/1) D:5            Lair (1/8) D:8

Altars:
Cheibriados
Dithmenos
Gozag
Kikubaaqudgha
Nemelex Xobeh
Okawaru
Sif Muna
Trog
Yredelemnul
Zin

Shops:
D:8 }


Innate Abilities, Weirdness & Mutations

You are resistant to torment.
((Your stone body is resilient (AC +7).))
You are immune to poison.
You resist negative energy.
((You are resistant to electric shocks.))
((You can survive without breathing.))
You are immune to petrification.
You are immune to rotting.


Message History

Drink which item? (? for menu, Esc to quit)
Okay, then.
Zapping:
q - a wand of random effects {zapped: 3} (will waste charges)
Press: ? - help, Shift-Dir - straight line, f/p - 20-headed hydra
Aim: a 20-headed hydra (lightly wounded, slow) Nothing appears to happen.
Evoking this partially-identified wand wasted a few charges.
The 20-headed hydra bites you but does no damage. x2
You block the 20-headed hydra's attack.
The 20-headed hydra bites you but does no damage.
You block the 20-headed hydra's attack.
The 20-headed hydra bites you but does no damage. x2
The 20-headed hydra barely misses you. You block the 20-headed hydra's attack.
The 20-headed hydra bites you but does no damage.
The 20-headed hydra bites you.
* * * LOW HITPOINT WARNING * * *
The 20-headed hydra bites you.
* * * LOW HITPOINT WARNING * * *
You block the 20-headed hydra's attack. The 20-headed hydra bites you.
You die...

###...........###..# .........
........................ ......
#.###...............P.... ......
≈≈≈≈#...............%.... ......
≈≈≈##................%... ......
≈≈≈##.................... ......
#####.................... ......
.................D....... ......
................♣........ ......
##..######..#####.#########......
#..# #.## ### ##..#..##.. #..#
#.# #......##.. #..# #.#
########.......#.. #..##
###.#####.##.##.......##..
#...##P#P..................###..
##..........................##...
#P........................P####..


You could see a 20-headed hydra.

Vanquished Creatures
  Pikel (D:7)
  A spiny frog (Lair:1)
  Prince Ribbit (D:7)
  A fire drake (D:8)
  Grinder (D:6)
  Sigmund (D:2)
  2 hippogriffs
  A hungry ghost (D:8)
  5 wolves (Lair:1)
  Menkaure (D:4)
  An orc warrior (D:8)
  2 black bears (Lair:1)
  2 ice beasts
  2 sky beasts
  2 phantoms
  A crocodile (Lair:1)
  An ogre (D:4)
  2 centaurs
  A gnoll sergeant (D:8)
  3 giant frogs
  3 scorpions
  A wyvern skeleton (D:6)
  11 killer bees
  3 wights (D:7)
  3 crimson imps
  A giant frog zombie (D:5)
  2 quasits
  4 orc priests
  A giant frog skeleton (D:5)
  An iguana (Lair:1)
  Ijyb (D:2)
  2 hounds
  A jelly (D:6)
  7 orc wizards
  Jessica (D:2)
  4 worker ants
  Robin (D:3)
  12 gnolls
  11 adders
  A shadow imp (D:5)
  2 worms
  An adder skeleton (D:8)
  An adder zombie (D:8)
  11 giant geckos
  26 orcs
  4 ball pythons
  4 giant cockroaches
  16 hobgoblins
  17 jackals
  11 kobolds
  2 quokkas
  A bat (D:2)
  A giant gecko skeleton (D:8)
  11 giant newts
  11 goblins
  7 rats
229 creatures vanquished.

Vanquished Creatures (others)
  3 slaves (D:7)
3 creatures vanquished.

Grand Total: 232 creatures vanquished

Notes
Turn   | Place    | Note
--------------------------------------------------------------
     0 | D:1      | Bubnilka the Gargoyle Fighter began the quest for the Orb.
     0 | D:1      | Reached XP level 1. HP: 14/14 MP: 1/1
   138 | D:1      | Reached XP level 2. HP: 19/19 MP: 2/2
   749 | D:1      | Reached XP level 3. HP: 23/23 MP: 3/3
  1161 | D:2      | Noticed Jessica
  1162 | D:2      | Found a basalt altar of Yredelemnul.
  1168 | D:2      | Killed Jessica
  1168 | D:2      | Reached skill level 4 in Armour
  1331 | D:2      | Noticed Ijyb
  1344 | D:2      | Killed Ijyb
  1344 | D:2      | Reached XP level 4. HP: 27/29 MP: 4/4
  1364 | D:2      | Noticed Sigmund
  1370 | D:2      | Killed Sigmund
  1370 | D:2      | Reached skill level 1 in Dodging
  1370 | D:2      | Reached XP level 5. HP: 33/33 MP: 5/5
  1370 | D:2      | Reached XP level 6. HP: 38/38 MP: 6/6
  1634 | D:2      | Found a snail-covered altar of Cheibriados.
  1741 | D:3      | Found a faded altar to an unknown god.
  1806 | D:3      | Found a sparkling altar of Nemelex Xobeh.
  1840 | D:3      | Noticed Robin
  1902 | D:3      | Killed Robin
  2532 | D:4      | Reached XP level 7. HP: 30/44 MP: 7/7
  2595 | D:4      | Reached skill level 5 in Shields
  2704 | D:4      | Found an iron altar of Okawaru.
  2712 | D:4      | Became a worshipper of Warmaster Okawaru
  2729 | D:4      | Noticed Menkaure
  2744 | D:4      | Killed Menkaure
  2744 | D:4      | Reached skill level 5 in Armour
  2760 | D:4      | Found a glowing silver altar of Zin.
  2772 | D:5      | Entered Level 5 of the Dungeon
  3017 | D:5      | Found a staircase to the Ecumenical Temple.
  3565 | D:5      | Reached XP level 8. HP: 39/48 MP: 8/8
  3576 | D:5      | Gained mutation: You evolve. [potion of beneficial mutation]
  3577 | D:5      | Gained mutation: You can spit weak poison. [potion of beneficial mutation]
  3580 | D:5      | Lost mutation: You can spit weak poison. [potion of cure mutation]
  3580 | D:5      | Lost mutation: You evolve. [potion of cure mutation]
  3602 | D:5      | Acquired Okawaru's first power
  3602 | D:5      | Reached skill level 5 in Maces & Flails
  3972 | Temple   | Entered the Ecumenical Temple
  4054 | D:6      | Reached skill level 1 in Stealth
  4054 | D:6      | Reached skill level 6 in Shields
  4127 | D:6      | Found a glowing silver altar of Zin.
  4132 | D:6      | Reached skill level 5 in Fighting
  4201 | D:6      | Noticed Grinder
  4215 | D:6      | Killed Grinder
  4536 | D:6      | Found a glowing drain.
  4540 | Sewer    | Entered a sewer
  5105 | D:6      | Reached skill level 7 in Shields
  5110 | D:6      | Reached XP level 9. HP: 36/54 MP: 9/9
  5440 | D:7      | Noticed Prince Ribbit
  5657 | D:7      | Noticed Pikel
  5696 | D:7      | Killed Pikel
  5724 | D:7      | Found an iron altar of Okawaru.
  5743 | D:7      | Reached skill level 8 in Shields
  6601 | D:7      | Killed Prince Ribbit
  6854 | D:7      | Reached skill level 9 in Shields
  6854 | D:7      | Reached XP level 10. HP: 42/61 MP: 10/10
  7000 | D:7      | Found a bloodstained altar of Trog.
  7440 | D:8      | Found a deep blue altar of Sif Muna.
  7905 | D:8      | Found a staircase to the Lair.
  8819 | D:8      | Reached skill level 10 in Shields
  8905 | D:8      | Received a gift from Okawaru
  8966 | D:8      | Found Emanoj's Gadget Emporium.
  9436 | Lair:1   | Entered Level 1 of the Lair of Beasts
  9461 | Lair:1   | Got a dazzling falchion
  9483 | Lair:1   | Identified the cursed +1 falchion "Mit Hawa" {freeze, rF+ Dex+4} (You found it on level 1 of the Lair of Beasts)
  9647 | Lair:1   | Reached skill level 1 in Long Blades
  9883 | Lair:1   | Reached skill level 1 in Evocations
 10127 | Lair:1   | Noticed a four-headed hydra
 10156 | Lair:1   | HP: 4/94 [20-headed hydra (10)]
 10159 | Lair:1   | Slain by a 20-headed hydra

Vault maps used:
D:1:      roderic_dead_forest
D:2:      yredelemnul_altar_generic, old_standard_altar, first_bread,
          corexii_hall_statues_x, uniq_jessica, uniq_sigmund, uniq_iyjb
D:3:      nemelex_xobeh_ov_fountains_minmay, ecumenical_altar_2, uniq_robin
D:4:      okawaru_trees_2, nicolae_overflow_hidden_temple, uniq_menkaure
D:5:      kennysheep_six_static_rooms
D:6:      gup_sewer_entry_spiral, lemuel_statue_altar, uniq_grinder
D:7:      lightli_temple_of_fire, basic_altar, uniq_prince_ribbit1, uniq_pikel
D:8:      overflow_temple_1_default, minmay_lair_entry_lava, serial_shops,
          nicolae_shop_trees
Temple:   chambers_temple_12
Lair:1:   lemuel_fruit_fields, lemuel_fruit_fields
Sewer:    sewer_co_cracked_pipes

Action                   |  1- 3 |  4- 6 |  7- 9 | 10-12 || total
-------------------------+-------+-------+-------+-------++-------
Melee: Flail             |    95 |   201 |   448 |       ||   744
       Whip              |       |       |   306 |   592 ||   898
       Falchion          |       |       |       |   157 ||   157
Invok: Heroism           |       |       |       |     6 ||     6
Evoke: Wand              |       |     1 |     2 |     6 ||     9
  Use: Scroll            |     2 |       |    16 |     6 ||    24
       Potion            |       |     1 |    13 |     5 ||    19
 Stab: Invisible         |       |       |     2 |       ||     2
  Eat: Chunk             |     1 |     5 |    11 |     3 ||    20
       Fruit             |       |       |     2 |       ||     2
       Beef jerky        |       |       |     2 |     3 ||     5
       Meat ration       |       |       |       |     2 ||     2
